 Dungeon Crawl Stone Soup version 0.30-a0-779-g7971cf19c3 (webtiles) character file.

Game seed: 1554434667588670576

1064 DskReedErrur the Grasshopper (level 8, -2/54 HPs)
             Began as a Demonspawn Wanderer on Feb 17, 2023.
             Was an Initiate of Vehumet.
             Slain by a hornet (3 damage)
             ... on level 6 of the Dungeon.
             The game lasted 00:54:07 (5778 turns).

DskReedErrur the Grasshopper (Demonspawn Wanderer)  Turns: 5778, Time: 00:54:08

Health: -2/54      AC:  6    Str: 10    XL:     8   Next: 6%
Magic:  10/15      EV: 16    Int: 18    God:    Vehumet [......]
Gold:   122        SH:  0    Dex: 13    Spells: 6/17 levels left

rFire   . . .      SeeInvis .    a - +0 club (spect)
rCold   . . .      Faith    .    (no shield)
rNeg    + + .      Spirit   .    A - +0 robe {rN+}
rPois   .          Reflect  .    (helmet restricted)
rElec   .          Harm     .    d - +1 cloak
rCorr   .          Rampage  .    (no gloves)
Will    .....                    (no boots)
Stlth   ++                       (no amulet)
HPRegen 0.29/turn                n - +5 ring of evasion
MPRegen 0.14/turn                q - ring of positive energy

@: lethally poisoned (-2 -> -20), sluggish, slowed, very slow
A: horns 2, icy blue scales 1, demonic magic 1
a: Renounce Religion


You were on level 6 of the Dungeon.
You worshipped Vehumet.
Vehumet was noncommittal.
You visited 2 branches of the dungeon, and saw 7 of its levels.

You collected 192 gold pieces.
You spent 70 gold pieces at shops.

Inventory:

Hand Weapons
 a - a +0 spectral club (weapon)
 g - a +3 dagger of venom
 j - a +0 sling
Armour
 d - a +1 cloak (worn)
 A - a +0 robe of positive energy (worn)
Jewellery
 n - a +5 ring of evasion (left hand)
 q - a ring of positive energy (right hand)
Wands
 x - a wand of mindburst (13)
Scrolls
 b - 3 scrolls of teleportation
 f - 6 scrolls of enchant weapon
 u - 2 scrolls of identify
 w - 2 scrolls of acquirement {unknown}
 y - a scroll of fog {unknown}
 z - a scroll of vulnerability {unknown}
Potions
 e - 3 potions of haste {unknown}
 h - 5 potions of might {unknown}
 i - 6 potions of curing
 k - a potion of heal wounds
 l - a potion of magic {unknown}
 m - a potion of mutation {unknown}
 r - 2 potions of flight {unknown}
 s - a potion of lignification {unknown}
 t - 2 potions of attraction {unknown}
 v - 2 potions of resistance {unknown}


   Skills:
 - Level 1.0 Fighting
 - Level 3.0 Stealth
 * Level 5.3 Spellcasting
 + Level 3.2 Conjurations
 * Level 5.4 Translocations
 - Level 1.0 Fire Magic
 - Level 4.5 Air Magic


You had 6 spell levels left.
You knew the following spells:

 Your Spells              Type           Power      Damage    Failure   Level
a - Shock                 Conj/Air       72%        1d7       2%          1
b - Kindle Blastsparks    Fire/Tloc/Air  36%        2d13      9%          3
c - Momentum Strike       Conj/Tloc      40%        3d9       3%          2
d - Swiftness             Air            21%        N/A       6%          3
e - Searing Ray           Conj           32%        2d5       5%          2

Your spell library contained the following spells:

 Spells                   Type           Power      Damage    Failure   Level
 Lesser Beckoning         Tloc           48%        N/A       1%          2
 Magic Dart               Conj           64%        1d6       3%          1
 Dazzling Flash           Conj/Hex       20%        N/A       21%         3
 Hailstorm                Conj/Ice       10%        3d5       21%         3
 Iskenderun's Mystic Bla  Conj/Tloc      20%        2d6       22%         4
 Frozen Ramparts          Ice            8%         1d2       36%         3
 Fulminant Prism          Conj/Hex       5%         3d7       54%         4
 Ice Form                 Ice/Tmut       4%         N/A       78%         4
 Summon Ice Beast         Ice/Summ       4%         N/A       78%         4
 Simulacrum               Ice/Necr       2%         N/A       100%        6
 Starburst                Conj/Fire      6%         6d4       100%        6


Dungeon Overview and Level Annotations

Branches:
Dungeon (6/15)             Temple (1/1) D:4

Altars:
Ashenzari
Cheibriados
Dithmenos
Fedhas
Gozag
Kikubaaqudgha
Makhleb
Nemelex Xobeh
Okawaru
Qazlal
Ru
Sif Muna
Trog
Uskayaw
Vehumet
Wu Jian
Xom
Yredelemnul

Shops:
D:1 (   D:2 :   D:3 [*


Innate Abilities, Weirdness & Mutations

You have a pair of horns on your head.
You are partially covered in icy blue scales. (AC +2)
Spells you cast may paralyse adjacent enemies.


Message History

You are poisoned.
You feel yourself slow down. The hornet stings you.
You are more poisoned.
You suddenly lose the ability to move!
You can move again.
Casting: Shock (safe; 2% risk of failure)
Confirm with . or Enter, or press ? or * to list all spells.
Aiming: Shock (safe; 2% risk of failure)
Press: ? - help, Shift-Dir - straight line, f/p - hornet
Aim: a hornet (lightly wounded, 57% to hit)
The zap misses the hornet.
Malevolent energies surge around you.
The hornet suddenly stops moving!
You feel yourself speed up.
You feel very sick.
Casting: Shock (safe; 2% risk of failure)
Confirm with . or Enter, or press ? or * to list all spells.
You feel quick. Malevolent energies surge around you.
You feel very sick.
You feel sick.
You feel sick.
You feel sick.
You feel sick.
The hornet is no longer paralysed.
You feel sick.
You feel sick.
You feel sick.
You feel sick.
You start to feel a little slower.
You feel sick.
You are no longer poisoned.
You feel sluggish. The hornet stings you!
You are poisoned.
You feel yourself slow down.
You feel yourself speed up.
You feel very sick. The hornet closely misses you. The hornet stings you!
* * * LOW HITPOINT WARNING * * *
You are more poisoned.
You feel yourself slow down. The hornet stings you.
You die...

#..#...............#
####..###.#)..#########
....>.....#...######
####...............##
......#.......####..#
####..#.#.##..#####.##
#.....#.#............############
#.##..#.#..#..###................
#.....#.<.....))@y...############
#.....####.######...###########
#.......................##....#
#..........######........#....#
####...##### #........#....#
.....#.## ###......#....#
######..## #......#....#
##..####### #......#....#
##.##....# ##..[.......#


You could see a hornet.

Vanquished Creatures
  An ice beast (D:6)
  An ogre (D:5)
  A necrophage (D:4)
  A scorpion (D:5)
  A howler monkey (D:5)
  A crimson imp (D:3)
  A jelly (D:4)
  4 hounds
  2 orc priests
  2 iguanas
  Jessica (D:2)
  6 orc wizards
  6 adders
  10 gnolls
  A worm (D:2)
  12 orcs
  5 ball pythons
  6 endoplasms
  3 giant cockroaches
  6 hobgoblins
  6 kobolds
  4 quokkas
  8 bats
  4 frilled lizards
  8 goblins
  2 goblin skeletons (D:3)
  2 hobgoblin zombies (D:3)
  5 kobold zombies (D:3)
  An orc skeleton (D:3)
  An orc zombie (D:3)
  7 rats
119 creatures vanquished.

Notes
Turn   | Place    | Note
-------+----------+-------------------------------------------
     0 | D:1      | DskReedErrur the Demonspawn Wanderer began the quest for
                  | the Orb.
     0 | D:1      | DskReedErrur set off with the following items: a +0 dagger,
                  | a scroll of teleportation, a +0 robe, a +0 cloak; and the
                  | following spell memorised: Shock; and the following spells
                  | available to memorise: Swiftness, Lesser Beckoning,
                  | Momentum Strike, Kindle Blastsparks.
     0 | D:1      | Reached XP level 1. HP: 15/15 MP: 3/3
   207 | D:1      | Reached skill level 1 in Translocations
   299 | D:1      | Gained mutation: You have a pair of small horns on your
                  | head. [demonic ancestry]
   299 | D:1      | Reached XP level 2. HP: 21/21 MP: 1/5
   533 | D:1      | Found Jadostil's Weapon Shoppe.
   609 | D:1      | Gained mutation: You have a pair of horns on your head.
                  | [demonic ancestry]
   609 | D:1      | Reached XP level 3. HP: 25/26 MP: 0/6
   616 | D:1      | Learned a level 3 spell: Kindle Blastsparks
   619 | D:1      | Learned a level 2 spell: Momentum Strike
  1111 | D:2      | Found Jalur's Book Shop.
  1123 | D:2      | Noticed Jessica
  1129 | D:2      | Killed Jessica
  1130 | D:2      | Reached skill level 1 in Fire Magic
  1362 | D:2      | Reached XP level 4. HP: 27/32 MP: 0/7
  2067 | D:3      | Found Qugeekhli's General Store.
  2087 | D:3      | Reached XP level 5. HP: 35/37 MP: 8/8
  2091 | D:3      | Learned a level 3 spell: Swiftness
  2098 | D:3      | Bought a potion of heal wounds for 70 gold pieces
  2133 | D:3      | Found Ruduo's Armour Emporium.
  2719 | D:3      | Reached skill level 1 in Conjurations
  2935 | D:3      | Gained mutation: You are partially covered in icy blue
                  | scales. (AC +2) [demonic ancestry]
  2935 | D:3      | Reached XP level 6. HP: 43/43 MP: 4/10
  3322 | D:4      | Found a staircase to the Ecumenical Temple.
  3328 | Temple   | Entered the Ecumenical Temple
  3670 | Temple   | Learned a level 2 spell: Searing Ray
  3769 | Temple   | Became a worshipper of Vehumet
  4212 | D:4      | Found a shadowy altar of Dithmenos.
  4441 | D:5      | Entered Level 5 of the Dungeon
  4555 | D:5      | Found a stormy altar of Qazlal.
  4555 | D:5      | Found a basalt altar of Yredelemnul.
  4568 | D:5      | Reached XP level 7. HP: 19/48 MP: 7/13
  5294 | D:6      | Reached skill level 5 in Translocations
  5500 | D:6      | Reached skill level 5 in Spellcasting
  5506 | D:6      | Gained mutation: Spells you cast may paralyse adjacent
                  | enemies. [demonic ancestry]
  5506 | D:6      | Reached XP level 8. HP: 44/54 MP: 15/15
  5752 | D:6      | Noticed a hornet
  5757 | D:6      | Paralysed by a hornet for 1 turns
  5778 | D:6      | HP: 1/54 [hornet (13)]
  5778 | D:6      | Slain by a hornet

Illustrated notes

Levels and vault maps discovered:
D:1:      minmay_arrival_shoal_huts, layout_basic, serial_shops,
          nicolae_shop_statue_plus
D:2:      layout_loops_cross, serial_shops, shop, uniq_jessica
D:3:      minmay_octagon_keep, layout_loops_ring, nicolae_tso_besieged_by_evil,
          serial_shops, shop, nicolae_shop_stone
D:4:      layout_basic, general_overflow_altar, temple_green, minivault_11
D:5:      layout_cave_pools, minitemple, minmay_misc_feat_iff
D:6:      layout_basic, ebering_dispersal_statue_hall
Temple:   nicolae_temple_bog_church

Skill      XL: |  1  2  3  4  5  6  7 |
---------------+----------------------+-----
Stealth        | 2 3 |  3.0
Translocations | 1 2 3 4 5 |  5.4
Fire Magic     | 1 |  1.0
Spellcasting   | 3 4 5 |  5.3
Conjurations   | 1 2 3 |  3.2
Fighting       | |  1.0
Air Magic      | |  4.5

Action                     |  1- 3 |  4- 6 |  7- 9 || total
---------------------------+-------+-------+-------++-------
  Melee: Dagger            |    56 |       |       ||    56
         Headbutt          |     3 |    26 |    16 ||    45
         Punch             |     1 |       |       ||     1
         Club              |     7 |   147 |    60 ||   214
   Fire: Sling             |     4 |       |       ||     4
  Throw: Dart              |       |       |     1 ||     1
   Cast: Shock             |    33 |    14 |    13 ||    60
         Kindle Blastspark |     1 |     1 |       ||     2
         Searing Ray       |       |     1 |    13 ||    14
         Swiftness         |       |       |     2 ||     2
    Use: Scroll            |     3 |     3 |       ||     6
         Potion            |       |     1 |       ||     1
   Stab: Sleeping          |     1 |     9 |     1 ||    11
         Distracted        |       |     2 |       ||     2
 Armour: Robe              |    23 |    21 |    14 ||    58
  Dodge: Dodged            |    42 |   119 |    37 ||   198

Table legend: (Time is in decaauts)
 A = Elapsed time spent in this place.
 B = Non-inter-level travel time spent in this place.
 C = Inter-level travel time spent in this place.
 D = Time resting spent in this place.
 E = Time spent auto-exploring this place.
 F = Levels seen in this place.
 G = Mean time per level.
                   A        B        C        D        E       F      G
               +--------+--------+--------+--------+--------+-----+--------+
         Total |   5857 |   5618 |    239 |    847 |   3262 |   7 |  836.7 |
       Dungeon |   5381 |   5161 |    220 |    747 |   3100 |   6 |  896.8 |
        Temple |    475 |    456 |     19 |    100 |    161 |   1 |  475.0 |
               +--------+--------+--------+--------+--------+-----+--------+

Top non-repeatable levels by time:
     D:3: 1220 daAuts
     D:1: 1108 daAuts
     D:2: 966 daAuts
     D:4: 819 daAuts
     D:5: 740 daAuts
     D:6: 525 daAuts
  Temple: 475 daAuts
